 Dungeon Crawl Stone Soup version 0.28-a0-1415-g7c84da036a (webtiles) character file.

Game seed: 6056686518698888058

224 blank1 the Magician (level 6, -8/45 HPs)
             Began as a Djinni Air Elementalist on Jan 7, 2022.
             Killed from afar by an orc wizard (9 damage)
             ... with a magic dart
             ... on level 3 of the Dungeon.
             The game lasted 00:06:00 (3079 turns).

blank1 the Magician (Djinni Air Elementalist)       Turns: 3079, Time: 00:06:01

Health: -8/45      AC:  2    Str:  7    XL:     6   Next: 20%
Gold:   60         EV: 13    Int: 17    God:
                   SH:  0    Dex: 21

rFire   + + .      SeeInvis .   f - +2 short sword (speed)
rCold   x . .      Faith    .   (no shield)
rNeg    . . .      Spirit   .   a - +0 robe
rPois   ∞          Reflect  .   (no helmet)
rElec   .          Harm     .   (no cloak)
rCorr   .          Rampage  .   (no gloves)
Will    .....                   (boots unavailable)
Stlth   ++........              (no amulet)
HPRegen 0.15/turn               h - +6 ring of dexterity
MPRegen 0.00/turn               (no ring)

@: on berserk cooldown, flying, slowed, very slow
A: sickness immunity, fire resistance 2, cold vulnerability 1, float, innate
caster, hp casting, extra vitality 1
a: no special abilities


You were on level 3 of the Dungeon.
You visited 1 branch of the dungeon, and saw 3 of its levels.

You collected 60 gold pieces.

Inventory:

Hand Weapons
 f - a +2 short sword of speed (weapon)
Armour
 a - a +0 robe (worn)
Jewellery
 h - a +6 ring of dexterity (left hand)
Scrolls
 b - a scroll of amnesia {unknown}
 e - a scroll of magic mapping {unknown}
 g - 2 scrolls of teleportation {unknown}
 j - a scroll of fear {unknown}
Potions
 d - a potion of mutation {unknown}
 i - a potion of heal wounds
 k - a potion of brilliance {unknown}
 l - a potion of might {unknown}


   Skills:
 + Level 2.9 Fighting
 - Level 3.0 Dodging
 - Level 2.0 Stealth
 - Level 4.0 Spellcasting


You couldn't memorise any spells.
You knew the following spells:

 Your Spells              Type           Power      Damage    Failure   Level
a - Shock                 Conj/Air       68%        1d7       3%          1
b - Static Discharge      Conj/Air       17%        N/A       4%          2
c - Swiftness             Air            17%        N/A       9%          3
d - Airstrike             Air            8%         N/A       30%         4
e - Pain                  Necr           68%        1d7       3%          1
f - Wereblood             Tmut           17%        N/A       4%          2
Your spell library was empty.

Dungeon Overview and Level Annotations

Branches:
Dungeon (3/15)

Altars:
Ru


Innate Abilities, Weirdness & Mutations

You are immune to sickness and miasma.
You are immune to poison.
Your flesh is very heat resistant. (rF++)
You are vulnerable to cold. (rC-)
You float through the air rather than walking.
You learn spells naturally, not from books.
Your magical power is your life essence.
You have superior vitality. (+4 MHP)


Message History

The lightning grounds out.
* * * LOW HITPOINT WARNING * * *
Something hits you.
* * * LOW HITPOINT WARNING * * *
Something hits you.
* * * LOW HITPOINT WARNING * * *
Unknown command.
You miss something. Something hits you.
* * * LOW HITPOINT WARNING * * *
A red film seems to cover your vision as you go berserk!
You feel yourself moving faster!
You feel mighty!
A magic dart appears from out of thin air!
The magic dart hits something.
Reactivating autopickup.
You feel a bit more experienced.
You feel a strong urge to attack something.
You hear some strange, mumbled words.
Deactivating autopickup; reactivate with Ctrl-A.
You are confused.
Things that are here:
a +1 dagger of speed; a +0 robe You bump into the rock wall.
Something hits you.
* * * LOW HITPOINT WARNING * * *
You feel your anger nearly subside.
You are no longer berserk.
You are exhausted.
You feel yourself slow down.
An orc wizard appears from thin air!
Reactivating autopickup.
You bump into the rock wall.
The orc wizard casts a spell.
The orc wizard flickers and vanishes!
Deactivating autopickup; reactivate with Ctrl-A.
Unknown command.
You bump into the rock wall.
You feel less confused.
You hear some strange, mumbled words.
A magic dart appears from out of thin air!
The magic dart hits you!
You die...

.##.####### #.# ##.#.....#
.##.##....#####(# ##..####..###
.......##.......## ##...##.......
###<############.###..........##.
....# ##.#.#........#..... #####
#.###............##.
##.#.#........#.###.
##.###.....#....... #@#
##...##.#####. #{# ##.###†#####.
#.# ##....)..##. #)# #.......##.
#.# #.......##. #.# #.......##.
#.# #.......##.
#)######.......##.
#....o##.......##.


There were no monsters in sight!

Vanquished Creatures
  A scorpion (D:3)
  A hound (D:3)
  A hound skeleton (D:3)
  5 gnolls
  A worm (D:3)
  2 dart slugs
  5 orcs (D:3)
  3 endoplasms
  A giant cockroach (D:3)
  3 goblins (D:1)
  6 hobgoblins
  4 kobolds
  2 quokkas (D:1)
  4 ball pythons
  5 bats
  A frilled lizard (D:3)
  4 rats
49 creatures vanquished.

Vanquished Creatures (others)
  An orc wizard (D:3)
1 creature vanquished.

Grand Total: 50 creatures vanquished

Notes
Turn   | Place    | Note
-------+----------+-------------------------------------------
     0 | D:1      | blank1 the Djinni Air Elementalist began the quest for the
                  | Orb.
     0 | D:1      | Reached XP level 1. HP: 15/15 MP: 0/0
   439 | D:1      | Reached XP level 2. HP: 2/22 MP: 0/0
   855 | D:1      | Reached skill level 1 in Fighting
   855 | D:1      | Reached XP level 3. HP: 17/27 MP: 0/0
   855 | D:1      | Learned a level 1 spell: Pain
  1613 | D:2      | Found a sacrificial altar of Ru.
  1687 | D:2      | You are sucked into a shaft and drop 1 floor!
  2278 | D:3      | Noticed a scorpion
  2285 | D:3      | Reached skill level 3 in Spellcasting
  2285 | D:3      | Reached XP level 4. HP: 25/32 MP: 0/0
  2314 | D:3      | Killed a scorpion
  2315 | D:3      | Reached XP level 5. HP: 3/37 MP: 0/0
  2315 | D:3      | Learned a level 2 spell: Wereblood
  2629 | D:3      | Reached skill level 4 in Spellcasting
  3051 | D:3      | Reached XP level 6. HP: 32/45 MP: 0/0
  3070 | D:3      | HP: 1/45 [something (4)]
  3079 | D:3      | Killed from afar by an orc wizard

Illustrated notes

Levels and vault maps discovered:
D:1:      eino_arrival_water_cross, layout_basic
D:2:      layout_basic, basic_altar
D:3:      layout_loops_cross, grunt_ministairs_4

Skill      XL: |  1  2  3  4  5 |
---------------+----------------+-----
Stealth        | 2 |  2.0
Fighting       | 1 2 |  2.9
Dodging        | 3 |  3.0
Spellcasting   | 3 4 |  4.0

Action                   |  1- 3 |  4- 6 || total
-------------------------+-------+-------++-------
Melee: Short sword       |       |     1 ||     1
 Cast: Shock             |    83 |    43 ||   126
       Static Discharge  |       |     5 ||     5
       Swiftness         |       |     1 ||     1
  Use: Scroll            |     2 |       ||     2
       Potion            |       |     1 ||     1
Dodge: Dodged            |     9 |     7 ||    16

Table legend: (Time is in decaauts)
 A = Elapsed time spent in this place.
 B = Non-inter-level travel time spent in this place.
 C = Inter-level travel time spent in this place.
 D = Time resting spent in this place.
 E = Time spent auto-exploring this place.
 F = Levels seen in this place.
 G = Mean time per level.
                   A        B        C        D        E       F      G
               +--------+--------+--------+--------+--------+-----+--------+
         Total |   3075 |   2995 |     80 |    844 |   1842 |   3 | 1025.0 |
       Dungeon |   3075 |   2995 |     80 |    844 |   1842 |   3 | 1025.0 |
               +--------+--------+--------+--------+--------+-----+--------+

Top non-repeatable levels by time:
     D:1: 1589 daAuts
     D:3: 914 daAuts
     D:2: 571 daAuts
